General information
- name: BNet
- type: Ladder team game (AT/RT)
- host: Battle.net
- saver: sc2no.wc4yes
map: Cherryville
- players: 8
- length: 18:28
- speed: Fast
- version: 1.26 W3XP
- replay type: Public
» download(139 KB)
Players
team 1 (winner)

»
Zrek (
red | 49 APM | 901 actions | 18:27)
5 Death Knight
3 Death Coil
1 Unholy Aura
1 Death Pact
4 Dark Ranger
2 Black Arrow
2 Silence
3 Lich
2 Frost Nova
1 Dark Ritual
» actions
| Build / train | 57 | |
| Enter build submenu | 18 | |
| Enter hero's abilities submenu | 12 | |
| Give item / drop item | 3 | |
| Remove unit from queue | 2 | |
| Right click | 444 | |
| Select / deselect | 310 | |
| Use ability | 55 | |
901 total
» units
| Acolyte | 8 | |
| Ghoul | 5 | |
| Crypt Fiend | 8 | |
| Frost Wyrm | 3 | |
24 total
» upgrades
| Creature Attack | 2 | |
| Web | 1 | |
| Creature Carapace | 2 | |
5 total
» buildings
| Ziggurat | 9 | |
| Altar of Darkness | 1 | |
| Crypt | 1 | |
| Graveyard | 1 | |
| Tomb of Relics | 1 | |
| Nerubian Tower | 1 | |
| Halls of the Dead | 1 | |
| Spirit Tower | 4 | |
| Sacrificial Pit | 1 | |
| Black Citadel | 1 | |
| Boneyard | 3 | |
24 total
» build order
00:13 Ziggurat
00:16 Altar of Darkness
00:37 Crypt
00:59 Graveyard
01:13 Tomb of Relics
01:31 Ziggurat
02:25 Nerubian Tower
03:41 Ziggurat
04:44 Halls of the Dead
05:07 Ziggurat
05:45 Spirit Tower
05:56 Ziggurat
08:43 Sacrificial Pit
08:52 Ziggurat
08:54 Ziggurat
08:56 Ziggurat
09:33 Black Citadel
09:40 Ziggurat
09:43 Spirit Tower
09:45 Spirit Tower
12:48 Boneyard
12:54 Boneyard
13:00 Boneyard
14:28 Spirit Tower
» items
| Rod of Necromancy | 1 | |
| Scroll of Town Portal | 2 | |
| Orb of Corruption | 1 | |
4 total

»
sc2no.wc4yes (
orange | 67 APM | 1234 actions | 18:28)
5 Death Knight
3 Death Coil
2 Unholy Aura
3 Lich
2 Frost Nova
1 Dark Ritual
» actions
| Assign group hotkey | 103 | |
| Basic commands | 46 | |
| Build / train | 48 | |
| Enter build submenu | 21 | |
| Enter hero's abilities submenu | 8 | |
| Give item / drop item | 3 | |
| Remove unit from queue | 1 | |
| Right click | 431 | |
| Select / deselect | 191 | |
| Select group hotkey | 322 | |
| Use ability | 60 | |
1234 total
» units
| Acolyte | 8 | |
| Ghoul | 6 | |
| Goblin Shredder | 1 | |
| Frost Wyrm | 8 | |
23 total
» upgrades
| Creature Attack | 3 | |
| Creature Carapace | 3 | |
| Freezing Breath | 1 | |
7 total
» buildings
| Crypt | 1 | |
| Ziggurat | 8 | |
| Altar of Darkness | 1 | |
| Halls of the Dead | 1 | |
| Graveyard | 1 | |
| Necropolis | 1 | |
| Black Citadel | 1 | |
| Tomb of Relics | 1 | |
| Sacrificial Pit | 1 | |
| Boneyard | 4 | |
| Spirit Tower | 1 | |
21 total
» build order
00:09 Crypt
00:13 Ziggurat
00:36 Altar of Darkness
01:06 Ziggurat
03:20 Halls of the Dead
04:12 Graveyard
04:43 Necropolis
05:01 Ziggurat
05:41 Ziggurat
06:16 Black Citadel
06:45 Tomb of Relics
06:51 Ziggurat
07:36 Sacrificial Pit
07:40 Ziggurat
08:25 Ziggurat
08:51 Boneyard
08:52 Boneyard
08:53 Boneyard
09:03 Boneyard
09:54 Spirit Tower
11:34 Ziggurat
» items
| Orb of Corruption | 1 | |
| Boots of Speed | 1 | |
| Scroll of Town Portal | 1 | |
| Staff of Sanctuary | 1 | |
4 total
NLM_MD (
pink | 48 APM | 877 actions | 18:27)
4 Archmage
2 Blizzard
1 Brilliance Aura
1 Summon Water Elemental
3 Paladin
2 Holy Light
1 Divine Shield
» actions
| Basic commands | 13 | |
| Build / train | 46 | |
| Enter build submenu | 24 | |
| Enter hero's abilities submenu | 9 | |
| Remove unit from queue | 2 | |
| Right click | 550 | |
| Select / deselect | 196 | |
| Use ability | 37 | |
877 total
» units
| Peasant | 8 | |
| Footman | 6 | |
| Kobold Geomancer | 1 | |
| Knight | 7 | |
22 total
» upgrades
| Swords | 3 | |
| Lumber Harvesting | 1 | |
| Plating | 3 | |
| Magic Sentry | 0 | |
| Control Magic | 1 | |
| Animal War Training | 1 | |
9 total
» buildings
| Altar of Kings | 1 | |
| Farm | 11 | |
| Lumber Mill | 1 | |
| Barracks | 2 | |
| Scout Tower | 1 | |
| Guard Tower | 1 | |
| Keep | 1 | |
| Blacksmith | 1 | |
| Castle | 1 | |
| Arcane Vault | 1 | |
| Arcane Sanctum | 1 | |
22 total
» build order
00:06 Altar of Kings
00:32 Farm
01:05 Lumber Mill
01:25 Barracks
01:39 Scout Tower
02:05 Farm
02:37 Guard Tower
02:42 Farm
03:45 Keep
03:50 Farm
04:01 Blacksmith
07:16 Castle
08:15 Barracks
09:33 Arcane Vault
09:36 Farm
10:54 Farm
14:39 Arcane Sanctum
15:12 Farm
15:14 Farm
15:28 Farm
16:49 Farm
16:50 Farm

»
thecoolbean (
blue | 53 APM | 977 actions | 18:27)
2 Far Seer
1 Feral Spirit
1 Chain Lighting
2 Tauren Chieftain
1 War Stomp
1 Endurance Aura
» actions
| Assign group hotkey | 22 | |
| Basic commands | 43 | |
| Build / train | 46 | |
| Enter build submenu | 25 | |
| Enter hero's abilities submenu | 4 | |
| Remove unit from queue | 1 | |
| Right click | 345 | |
| Select / deselect | 204 | |
| Select group hotkey | 237 | |
| Use ability | 50 | |
977 total
» units
» upgrades
| Armor | 1 | |
| Melee Weapons | 1 | |
| Spiked Barricades | 1 | |
| Shaman Training | 1 | |
4 total
» buildings
| Orc Burrow | 5 | |
| War Mill | 1 | |
| Altar of Storms | 1 | |
| Voodoo Lounge | 1 | |
| Watch Tower | 11 | |
| Stronghold | 1 | |
| Beastiary | 2 | |
| Spirit Lodge | 1 | |
| Great Hall | 2 | |
| Fortress | 1 | |
26 total
» build order
00:17 Orc Burrow
00:44 War Mill
01:07 Altar of Storms
01:36 Voodoo Lounge
02:13 Watch Tower
02:33 Orc Burrow
02:48 Watch Tower
03:30 Stronghold
04:05 Watch Tower
04:33 Orc Burrow
05:19 Watch Tower
06:07 Beastiary
06:13 Beastiary
06:26 Orc Burrow
06:57 Spirit Lodge
07:38 Orc Burrow
09:04 Great Hall
09:09 Watch Tower
09:20 Fortress
11:37 Watch Tower
13:51 Watch Tower
13:55 Watch Tower
14:00 Watch Tower
14:45 Watch Tower
15:00 Great Hall
17:45 Watch Tower
» items
| Healing Salve | 2 | |
| Lesser Clarity Potion | 2 | |
| Scroll of Speed | 3 | |
7 total
team 2 (loser)
tylerist (
green | 41 APM | 739 actions | 18:12)
4 Death Knight
2 Death Coil
2 Unholy Aura
» actions
| Assign group hotkey | 17 | |
| Basic commands | 37 | |
| Build / train | 55 | |
| Enter build submenu | 17 | |
| Enter hero's abilities submenu | 4 | |
| Remove unit from queue | 3 | |
| Right click | 275 | |
| Select / deselect | 225 | |
| Select group hotkey | 80 | |
| Use ability | 26 | |
739 total
» units
| Acolyte | 9 | |
| Ghoul | 5 | |
| Crypt Fiend | 12 | |
| Frost Wyrm | 4 | |
30 total
» upgrades
| Web | 1 | |
| Creature Attack | 3 | |
| Creature Carapace | 3 | |
7 total
» buildings
| Ziggurat | 13 | |
| Altar of Darkness | 1 | |
| Crypt | 1 | |
| Graveyard | 1 | |
| Halls of the Dead | 1 | |
| Nerubian Tower | 1 | |
| Spirit Tower | 7 | |
| Black Citadel | 1 | |
| Sacrificial Pit | 1 | |
| Boneyard | 2 | |
| Tomb of Relics | 1 | |
30 total
» build order
00:09 Ziggurat
00:11 Altar of Darkness
00:34 Crypt
00:59 Graveyard
01:14 Ziggurat
02:07 Ziggurat
03:36 Ziggurat
04:28 Halls of the Dead
05:25 Ziggurat
05:39 Nerubian Tower
05:41 Spirit Tower
05:42 Spirit Tower
08:26 Black Citadel
09:39 Sacrificial Pit
10:03 Ziggurat
10:05 Ziggurat
10:06 Ziggurat
10:07 Ziggurat
11:12 Boneyard
11:35 Boneyard
11:57 Spirit Tower
11:57 Spirit Tower
11:58 Spirit Tower
11:58 Spirit Tower
13:22 Spirit Tower
17:22 Ziggurat
17:23 Ziggurat
17:24 Ziggurat
17:26 Ziggurat
17:34 Tomb of Relics

»
PegaEsenta (
teal | 111 APM | 2040 actions | 18:26)
3 Death Knight
1 Death Coil
1 Unholy Aura
1 Death Pact
2 Dreadlord
1 Vampiric Aura
1 Sleep
» actions
| Assign group hotkey | 30 | |
| Basic commands | 112 | |
| Build / train | 57 | |
| ESC pressed | 4 | |
| Enter build submenu | 18 | |
| Enter hero's abilities submenu | 6 | |
| Remove unit from queue | 2 | |
| Right click | 674 | |
| Select / deselect | 301 | |
| Select group hotkey | 768 | |
| Use ability | 68 | |
2040 total
» units
| Acolyte | 11 | |
| Ghoul | 7 | |
| Crypt Fiend | 7 | |
| Obsidian Statue | 5 | |
| Abomination | 1 | |
31 total
» upgrades
| Web | 1 | |
| Disease Cloud | 1 | |
| Unholy Armor | 1 | |
| Unholy Strength | 0 | |
| Destroyer Form | 1 | |
4 total
» buildings
| Crypt | 1 | |
| Ziggurat | 8 | |
| Altar of Darkness | 2 | |
| Tomb of Relics | 1 | |
| Nerubian Tower | 3 | |
| Halls of the Dead | 1 | |
| Graveyard | 1 | |
| Slaughterhouse | 2 | |
| Black Citadel | 1 | |
| Spirit Tower | 2 | |
22 total
» build order
00:10 Crypt
00:19 Ziggurat
00:37 Altar of Darkness
00:43 Altar of Darkness
01:10 Tomb of Relics
01:30 Ziggurat
01:54 Nerubian Tower
02:21 Ziggurat
03:09 Nerubian Tower
03:57 Halls of the Dead
04:00 Graveyard
04:50 Nerubian Tower
04:57 Ziggurat
06:29 Slaughterhouse
06:55 Slaughterhouse
08:24 Black Citadel
09:58 Ziggurat
09:58 Ziggurat
09:59 Ziggurat
11:31 Spirit Tower
12:55 Spirit Tower
13:53 Ziggurat
» items
| Rod of Necromancy | 1 | |
| Potion of Healing | 1 | |
| Sacrificial Skull | 1 | |
| Orb of Corruption | 1 | |
| Scroll of Town Portal | 1 | |
5 total

»
Thunder_cat (
yellow | 71 APM | 1293 actions | 18:15)
4 Death Knight
2 Death Coil
2 Unholy Aura
3 Lich
2 Frost Nova
1 Dark Ritual
1 Crypt Lord
1 Impale
» actions
| Assign group hotkey | 20 | |
| Build / train | 71 | |
| Enter build submenu | 19 | |
| Enter hero's abilities submenu | 8 | |
| Give item / drop item | 2 | |
| Remove unit from queue | 1 | |
| Right click | 539 | |
| Select / deselect | 168 | |
| Select group hotkey | 398 | |
| Use ability | 66 | |
1293 total
» units
| Acolyte | 8 | |
| Ghoul | 4 | |
| Crypt Fiend | 4 | |
| Frost Wyrm | 3 | |
| Gargoyle | 3 | |
22 total
» upgrades
| Web | 1 | |
| Creature Attack | 3 | |
| Freezing Breath | 1 | |
| Creature Carapace | 2 | |
| Stone Form | 1 | |
8 total
» buildings
| Ziggurat | 9 | |
| Crypt | 1 | |
| Altar of Darkness | 1 | |
| Tomb of Relics | 1 | |
| Graveyard | 1 | |
| Halls of the Dead | 3 | |
| Spirit Tower | 2 | |
| Black Citadel | 3 | |
| Sacrificial Pit | 1 | |
| Boneyard | 2 | |
24 total
» build order
00:09 Ziggurat
00:11 Crypt
00:35 Altar of Darkness
00:52 Tomb of Relics
01:25 Graveyard
01:53 Ziggurat
03:41 Ziggurat
04:39 Halls of the Dead
04:39 Halls of the Dead
06:45 Spirit Tower
07:01 Black Citadel
07:01 Black Citadel
07:18 Sacrificial Pit
07:33 Ziggurat
07:37 Ziggurat
08:44 Ziggurat
08:46 Ziggurat
08:48 Ziggurat
08:51 Ziggurat
10:36 Boneyard
10:42 Boneyard
11:00 Spirit Tower
» items
| Rod of Necromancy | 1 | |
| Boots of Speed | 1 | |
| Periapt of Vitality | 1 | |
| Potion of Lesser Invulnerability | 1 | |
| Scroll of Town Portal | 2 | |
6 total

»
SUPER_CHORIZO_8 (
purple | 39 APM | 701 actions | 18:06)
3 Tauren Chieftain
1 War Stomp
2 Endurance Aura
1 Shadow Hunter
1 Hex
» actions
| Basic commands | 6 | |
| Build / train | 50 | |
| Enter build submenu | 18 | |
| Enter hero's abilities submenu | 4 | |
| Give item / drop item | 1 | |
| Remove unit from queue | 1 | |
| Right click | 366 | |
| Select / deselect | 209 | |
| Use ability | 46 | |
701 total
» units
| Peon | 9 | |
| Grunt | 5 | |
| Shaman | 5 | |
| Tauren | 4 | |
| Goblin Shredder | 1 | |
24 total
» upgrades
| Berserker Strength | 1 | |
| Armor | 2 | |
| Melee Weapons | 2 | |
| Shaman Training | 2 | |
| Pulverize | 1 | |
| Reinforced Defenses | 1 | |
9 total
» buildings
| Orc Burrow | 7 | |
| Barracks | 1 | |
| Altar of Storms | 1 | |
| Stronghold | 1 | |
| Voodoo Lounge | 1 | |
| War Mill | 1 | |
| Fortress | 1 | |
| Spirit Lodge | 1 | |
| Tauren Totem | 1 | |
| Great Hall | 1 | |
| Watch Tower | 4 | |
20 total
» build order
00:23 Orc Burrow
00:52 Barracks
01:06 Altar of Storms
01:28 Orc Burrow
02:50 Orc Burrow
03:30 Stronghold
04:05 Voodoo Lounge
05:23 Orc Burrow
05:27 War Mill
05:55 Fortress
06:32 Spirit Lodge
07:52 Orc Burrow
08:17 Tauren Totem
11:30 Orc Burrow
13:28 Orc Burrow
16:56 Great Hall
16:58 Watch Tower
17:00 Watch Tower
17:02 Watch Tower
17:56 Watch Tower
» items
| Healing Salve | 3 | |
| Lesser Clarity Potion | 1 | |
| Scroll of Speed | 1 | |
| Orb of Lightning | 1 | |
| Scroll of Town Portal | 1 | |
| Potion of Healing | 1 | |
8 total
Chat log
(00:22 / Allies) thecoolbean: \rush ?
(00:24 / Allies) sc2no.wc4yes: no
(00:24 / Allies) Zrek: k
(02:15 / Allies) sc2no.wc4yes: seems like there was a time when you actually could harass acos with blizz
(02:22 / Allies) sc2no.wc4yes: they must have given them a buff
(02:24 / Allies) sc2no.wc4yes: at some point
(06:00 / Allies) sc2no.wc4yes: wood pls
(06:52 / Allies) NLM_MD: dan they all und
(06:57 / Allies) sc2no.wc4yes: 1 orc
(07:13 / Allies) NLM_MD: knights
(09:57 / Allies) sc2no.wc4yes: wood pls
(10:55 / Allies) sc2no.wc4yes: wood pls
(11:15 / Allies) sc2no.wc4yes: wood pls
(11:25 / Allies) NLM_MD: wat u makin
(11:29 / Allies) sc2no.wc4yes: wyrms
(11:54 / Allies) sc2no.wc4yes: wood pls
(12:10 / Allies) sc2no.wc4yes: no point in making orc twoers vs mass piercing
(12:13 / Allies) sc2no.wc4yes: if you dont upgrade their armor
(12:17 / Allies) sc2no.wc4yes: theyre jsut juicy xp tomes
(12:37 / Allies) thecoolbean: gg
(12:47 / Allies) sc2no.wc4yes: you have to leave after you say that
(12:49 / All) Thunder_cat: gg blue
(13:03 / Allies) sc2no.wc4yes: lmao cryabby
(13:03 / All) thecoolbean: NP. Team fucking worthless
(13:05 / Allies) sc2no.wc4yes: you know wed win
(13:05 / All) thecoolbean: you can have it
(13:06 / Allies) sc2no.wc4yes: with you gone
(13:09 / Allies) sc2no.wc4yes: if you didnt tk
(13:26 / All) thecoolbean: expevcially Orange. That kid eats sweaty dick
(13:43 / All) thecoolbean: it was such an easy win too.
(14:01 / Allies) sc2no.wc4yes: was it easier or harder than upgrading orc building armor
(14:12 / Allies) sc2no.wc4yes: on a scale of 1-10 how hard is it to upgrade your building armor
(14:15 / Allies) sc2no.wc4yes: 7.8?
(16:27 / Allies) sc2no.wc4yes: cant fight them stragiht up
(16:29 / Allies) sc2no.wc4yes: have to keep jacking
(16:57 / Allies) sc2no.wc4yes: thats the iopposite of jacking
(16:58 / Allies) sc2no.wc4yes: fyi
(17:15 / All) SUPER_CHORIZO_8: WOW TEAL
(17:35 / Allies) sc2no.wc4yes: care
(18:10 / All) Thunder_cat: gg
(18:10 / Allies) sc2no.wc4yes: crybaby
(18:11 / Allies) sc2no.wc4yes: lmao
(18:18 / Allies) sc2no.wc4yes: little baby threw a tantrum
(18:19 / Allies) thecoolbean: keep sucking that limpdick
(18:22 / Allies) sc2no.wc4yes: lololol